Map: Ruins of Seras

Players

IIIIIIIIIIII - Winner!

  • Race: Terran Terran
  • League: Diamond

Pacomike

  • Race: Protoss Protoss
  • League: Diamond

VOD

Have the link to the VOD?

Description

Time

  • Played on: Oct. 7, 2015, 3:17 p.m.
  • Length: 14:41
Show
View Real Time Build Order
Export as new Build Order

IIIIIIIIIIII Terran - Winner!

Build Orders: Mech 

Get SALT Encoding   

  12  0:01  SCV  
  13  0:13  SCV  
  14  0:18  Supply Depot  
  14  0:25  SCV  
  15  0:40  SCV  
  16  0:44  Barracks  
  16  0:51  Refinery  
  16  0:52  SCV  
  17  1:04  SCV  
  18  1:16  SCV  
  20  1:35  Barracks Reactor, Orbital Command  
  19  1:44  Command Center  
  19  1:52  Supply Depot  
  19  2:03  SCV  
  20  2:11  Marine x2  
  22  2:17  Factory  
  22  2:19  SCV  
  22  2:22  Refinery  
  23  2:31  SCV  
  23  2:32  Marine  
  23  2:35  Marine  
  26  2:44  SCV  
  27  2:50  Marine  
  27  2:53  Marine  
  27  2:56  SCV  
  27  2:58  Orbital Command  
  29  3:02  Factory Tech Lab  
  29  3:07  Starport  
  29  3:09  Marine  
  29  3:12  Marine  
  31  3:15  SCV  
  32  3:24  SCV  
  33  3:28  Siege Tank  
  33  3:31  SCV  
  37  3:38  Supply Depot  
  37  3:43  SCV  
  37  3:44  SCV  
  39  3:49  Medivac  
  39  3:54  Supply Depot  
  41  3:55  Marine  
  41  4:01  Marine  
  43  4:05  Cyclone  
  43  4:08  SCV  
  47  4:10  SCV  
  47  4:14  Refinery  
  47  4:15  Marine  
  49  4:23  Viking  
  51  4:24  SCV  
  51  4:25  SCV  
  51  4:28  Marine  
  54  4:35  Mag-Field Accelerator  
  54  4:37  SCV x2  
  56  4:43  Marine  
  57  4:47  Supply Depot  
  57  4:49  SCV x2  
  59  4:53  Engineering Bay  
  59  4:55  Starport Tech Lab  
  59  4:59  Cyclone  
  62  5:09  Supply Depot x2  
  62  5:15  Marine  
  62  5:17  SCV, Liberator, Marine  
  62  5:20  SCV  
  66  5:29  SCV  
  66  5:33  Marine  
  66  5:35  Marine  
  72  5:37  SCV  
  72  5:42  SCV  
  74  5:49  SCV  
  74  5:50  Bunker  
  74  5:51  Marine  
  74  5:52  Marine  
  72  5:58  SCV  
  72  6:01  SCV, Cyclone  
  76  6:04  Liberator  
  76  6:09  Refinery  
  76  6:10  SCV  
  77  6:13  SCV  
  78  6:22  SCV  
  78  6:25  SCV  
  83  6:32  Command Center  
  83  6:34  SCV  
  83  6:37  SCV  
  85  6:41  Marine x2  
  85  6:42  Cyclone  
  85  6:46  SCV  
  91  6:49  SCV  
  91  6:53  Unknown  
  92  6:54  Factory  
  92  6:56  Factory  
  92  6:58  SCV  
  93  7:01  SCV  
  93  7:06  Missile Turret  
  94  7:11  Missile Turret  
  94  7:13  Missile Turret  
  94  7:15  SCV x2  
  96  7:16  Raven  
  96  7:20  Marine  
  99  7:27  SCV  
  99  7:28  Armory, Hellion  
  102  7:39  Supply Depot  
  102  7:41  Supply Depot  
  102  7:43  SCV  
  102  7:44  Missile Turret  
  103  7:46  Factory Tech Lab  
  103  7:50  SCV  
  101  7:51  Liberator  
  101  7:54  Orbital Command  
  101  7:57  Barracks Reactor  
  101  7:58  Siege Tank  
  104  8:05  Supply Depot  
  104  8:11  Hellion  
  109  8:13  Orbital Command  
  109  8:16  Missile Turret  
  109  8:25  Factory  
  109  8:26  Factory  
  109  8:30  Siege Tank  
  109  8:31  Hellbat  
  114  8:39  Hellbat x2  
  118  8:42  SCV x2  
  118  8:43  SCV  
  121  8:53  Armory  
  121  8:56  Refinery  
  121  9:01  Starport  
  121  9:05  Missile Turret  
  121  9:09  Cyclone  
  124  9:10  Factory Tech Lab  
  124  9:17  Terran Vehicle Weapons Level 1  
  124  9:19  SCV x2  
  124  9:23  Factory Tech Lab  
  128  9:24  Hellbat x3  
  128  9:26  Liberator  
  132  9:32  Missile Turret  
  132  9:34  Missile Turret  
  132  9:35  SCV x2, Refinery, Supply Depot  
  134  9:40  Infernal Pre-Igniter  
  137  9:50  Hellion x2  
  141  9:54  Missile Turret  
  141  9:57  Hellion  
  141  9:58  Supply Depot  
  141  9:59  Supply Depot  
  143  10:00  Thor  
  143  10:03  Liberator  
  143  10:05  Terran Vehicle And Ship Armor Level 1  
  143  10:06  Supply Depot  
  148  10:09  Supply Depot  
  148  10:14  Liberator  
  148  10:17  Sensor Tower  
  148  10:20  Hellion x2  
  155  10:29  Liberator  
  153  10:45  Liberator  
  132  11:03  Cyclone  
  130  11:11  Siege Tank, Hellbat x2  
  123  11:13  Hellbat  
  125  11:22  Siege Tank  
  125  11:24  Liberator  
  123  11:30  Command Center  
  123  11:33  Hellbat x2  
  123  11:34  Hellbat  
  123  11:35  Terran Vehicle Weapons Level 2, Hellbat  
  123  11:36  Command Center  
  123  11:39  Supply Depot  
  131  11:43  Hellbat  
  128  11:55  Cyclone  
  128  11:57  SCV, Hellbat x4  
  128  11:59  Supply Depot  
  140  12:05  Hellbat  
  138  12:09  Liberator  
  128  12:18  Siege Tank x2, Hellbat x2  
  136  12:26  Hellbat  
  136  12:28  Hellbat  
  143  12:39  Hellbat  
  143  12:40  Hellbat  
  147  12:47  Cyclone  
  147  12:49  Missile Turret  
  147  12:50  Planetary Fortress  
  150  12:54  Refinery  
  150  12:55  Cyclone  
  150  12:56  Hellbat x2  
  157  12:59  Refinery  
  157  13:01  Hellbat  
  157  13:03  Missile Turret  
  154  13:18  Cyclone x2  
  152  13:21  Widow Mine x2  
  152  13:22  Hellbat  
  152  13:26  Planetary Fortress  
  153  13:27  Hellbat  
  143  13:44  Hellbat  
  143  13:47  Orbital Command  
  145  13:49  Cyclone  
  145  13:50  Hellbat x3  
  152  14:09  Refinery x2  
Show
View Real Time Build Order
Export as new Build Order

Pacomike Protoss 

Build Orders: 1 Gate Expand 

Get SALT Encoding   

  12  0:03  Probe (Chrono Boost)  
  13  0:14  Pylon  
  13  0:18  Probe (Chrono Boost)  
  14  0:29  Probe (Chrono Boost)  
  14  0:35  Gateway  
  15  0:39  Probe (Chrono Boost)  
  16  0:45  Assimilator  
  17  0:50  Probe (Chrono Boost)  
  17  1:00  Probe (Chrono Boost)  
  18  1:11  Probe (Chrono Boost)  
  19  1:23  Probe (Chrono Boost)  
  20  1:29  Nexus  
  20  1:40  Cybernetics Core  
  20  1:45  Probe (Chrono Boost)  
  21  1:53  Pylon  
  21  1:55  Probe (Chrono Boost)  
  21  1:59  Assimilator  
  22  2:06  Probe (Chrono Boost)  
  23  2:17  Adept (Chrono Boost)  
  27  2:22  Mothership Core  
  27  2:24  Warp Gate  
  26  2:40  Probe  
  26  2:42  Adept (Chrono Boost)  
  26  2:44  Probe (Chrono Boost)  
  30  2:52  Probe (Chrono Boost)  
  30  2:55  Probe (Chrono Boost)  
  32  2:59  Pylon  
  32  3:05  Probe (Chrono Boost)  
  33  3:06  Probe (Chrono Boost), Robotics Facility  
  34  3:16  Sentry, Probe (Chrono Boost)  
  34  3:17  Probe (Chrono Boost)  
  38  3:26  Probe (Chrono Boost)  
  37  3:27  Probe (Chrono Boost)  
  38  3:36  Gateway  
  38  3:37  Probe (Chrono Boost)  
  38  3:38  Probe (Chrono Boost)  
  38  3:40  Gateway  
  40  3:47  Probe (Chrono Boost)  
  40  3:48  Probe (Chrono Boost)  
  42  3:51  Pylon  
  42  3:55  Warp Prism (Chrono Boost)  
  42  3:57  Probe  
  42  4:00  Probe  
  46  4:07  Gateway  
  46  4:08  Probe  
  46  4:09  Assimilator  
  47  4:14  Probe  
  48  4:18  Probe  
  49  4:28  Sentry  
  51  4:33  Sentry  
  51  4:36  Sentry  
  51  4:37  Immortal (Chrono Boost)  
  51  4:38  Probe  
  59  4:39  Probe  
  59  4:42  Assimilator  
  61  4:51  Probe  
  62  4:57  Pylon  
  62  5:03  Pylon  
  62  5:10  Pylon  
  62  5:15  Pylon  
  62  5:18  Probe  
  62  5:19  Probe  
  61  5:27  Immortal (Chrono Boost)  
  63  5:29  Probe  
  63  5:31  Adept x2  
  63  5:32  Adept x2  
  63  5:33  Probe  
  72  5:39  Probe  
  73  5:45  Probe  
  74  5:53  Adept  
  74  5:54  Adept, Nexus  
  74  5:55  Zealot  
  74  6:00  Probe, Pylon  
  74  6:02  Pylon  
  65  6:11  Immortal (Chrono Boost)  
  69  6:14  Probe  
  70  6:19  Probe, Twilight Council  
  70  6:24  Sentry  
  73  6:26  Probe  
  73  6:30  Probe  
  75  6:34  Stalker  
  75  6:35  Stalker  
  75  6:36  Stalker  
  81  6:45  Observer (Chrono Boost)  
  82  6:47  Probe  
  82  6:52  Stalker  
  85  6:56  Forge  
  85  6:58  Forge  
  85  7:00  Stalker x2  
  89  7:04  Zealot  
  89  7:05  Probe  
  89  7:06  Probe  
  93  7:08  Probe  
  94  7:15  Probe  
  90  7:24  Probe  
  90  7:29  Probe x2  
  91  7:34  Stalker x3  
  91  7:36  Protoss Ground Armor Level 1 (Chrono Boost)  
  99  7:37  Stalker  
  99  7:42  Protoss Ground Weapons Level 1 (Chrono Boost)  
  101  7:49  Probe  
  101  7:50  Probe x2  
  99  7:59  Probe  
  99  8:02  Probe  
  99  8:04  Blink (Chrono Boost)  
  99  8:07  Stalker  
  99  8:11  Probe  
  101  8:13  Probe  
  101  8:25  Probe x2  
  103  8:33  Assimilator  
  103  8:36  Assimilator  
  103  8:39  Stalker x4  
  111  8:45  Probe  
  111  8:46  Probe  
  113  8:58  Stargate  
  113  8:59  Stargate  
  113  9:12  Nexus  
  113  9:14  Pylon  
  110  9:20  Probe x2  
  111  9:26  Probe, Protoss Ground Weapons Level 2 (Chrono Boost)  
  106  9:32  Probe  
  106  9:33  Probe  
  106  9:36  Protoss Ground Armor Level 2 (Chrono Boost)  
  107  9:38  Stalker x3  
  107  9:39  Stalker, Probe  
  107  9:42  Colossus  
  114  9:50  Gateway  
  113  9:52  Probe  
  113  9:53  Probe, Gateway x2  
  113  9:54  Gateway  
  113  9:55  Probe  
  113  9:57  Immortal  
  113  10:09  Stalker x2  
  113  10:10  Stalker x2  
  113  10:12  Probe x2  
  121  10:23  Phoenix (Chrono Boost)  
  121  10:27  Phoenix (Chrono Boost)  
  124  10:32  Probe x2  
  105  11:03  Stalker x4  
  85  11:23  Stalker x4  
  89  11:26  Robotics Facility  
  89  11:28  Immortal, Assimilator  
  89  11:29  Stalker x4  
  89  11:32  Phoenix x2 (Chrono Boost), Assimilator  
  105  11:37  Probe x3  
  105  11:54  Stalker x5  
  103  11:55  Phoenix (Chrono Boost)  
  103  11:58  Stalker  
  103  11:59  Stalker  
  117  12:02  Probe x2  
  91  12:18  Stalker  
  91  12:19  Stalker x4  
  91  12:27  Stalker x3  
  97  12:31  Immortal  
  101  12:37  Probe x3  
  101  12:42  Sentry x4  
  112  12:45  Probe  
  113  12:55  Phoenix x2 (Chrono Boost)  
  117  13:10  Immortal  
  119  13:18  Immortal  
  114  13:41  Stalker  
  111  13:59  Pylon  
  111  14:01  Pylon  
  105  14:03  Pylon x2  
  105  14:08  Pylon  
  80  14:18  Pylon x2  
  80  14:22  Probe, Pylon  
  80  14:23  Pylon  
  75  14:24  Probe  
  75  14:30  Stalker  
  75  14:31  Stalker x5  
  70  14:32  Stalker  
Tags
 
Add a new tag
Caveats
  • Supply blocks, unpowered buildings, or Contaminate may cause inaccurate times.
  • Supply counts are checked every 10 seconds.